Unix NetHack Version 5.0.0-0 post-release - last build Jul 19 2026 19:10:59 (3aa4ab31751d3886436d94b585a96704892fd477,branch:main).

Game began 2026-07-12 13:35:39, ended 2026-07-21 04:05:44.

Fletchius, lawful male dwarven Archeologist

                                                               ------------
                                                          #####...........|
                        --------------------------------# #    |..........|
                        |..............................|###    |<.........|
                        |.-------|-...------.....-----..##     |..........|
                        |.|....|..|...|..  |.....|...|.|#      -----+--- --
                        |.|....|..|...|..  |.....|...|.|
                        |.--|-----|...-|-------..-...|.|
                        |......|..|.....|..|!%|.-----|.|
                        |.----.|..|.....|..|%]|.-....|.|
                        |.|  +.--|-..{..--||.@|.|.._.|.|
                        |.|  |.............--|-%|....|.|
                        |.|----|--.-----|-......|....|.|
                        ..|..|...|.|   ..|---|-------|.|
                        |.|..|+((|.+  |..|....|  |...-.|
                        |.|..|(((|.---|..|....|  |...|.|
                        |.-|------..{.----------+-----.|
                        |..............................|
                        --------------------------------

Fletchius the Field Worker  St:13 Dx:10 Co:17 In:15 Wi:16 Ch:11  Lawful
Dlvl:7  $:250 HP:47(47) Pw:12(12) AC:5  Xp:5 T:2175 

Latest messages:
 You swap places with the peaceful gnomish wizard.
 You kill the garter snake!
 You have a forbidding feeling...
 The garter snake bites!
 You hit the garter snake.
 You kill the garter snake!
 The garter snake bites!  The gnomish wizard casts a spell!
 The gnomish wizard is suddenly moving faster.
 You hit the garter snake!
 You kill the garter snake!
 There is a garter snake corpse here; eat it? [ynq] (n) y
 This garter snake corpse is gamey.
 You finish eating the garter snake corpse.
 A - an orange potion.
 What do you want to drop? [$a-mo-uw-yA or ?*] A
 There is an amber flash as an orange potion hits the altar.
 A - a blessed orange potion.
 What do you want to drink? [jyA or ?*] A
 You feel strong!  You feel smart!
 You're already as wise as you can get.
 Restoring save file...
 Hello Fletchius, the dwarven Archeologist, welcome back to NetHack!
 You swap places with the peaceful gnomish wizard.
 You see here a homunculus corpse.
 Really quit without saving? [yn] (n) y
 Do you want your possessions identified? [ynq] (y) q

Inventory:
 Coins    ('$')
  $ - 250 gold pieces
 Weapons  (')')
  k - a +0 orcish dagger
  a - a +2 bullwhip
 Armor    ('[')
  c - an uncursed +0 fedora
  l - an uncursed +0 orcish helm (being worn)
  o - an uncursed +0 pair of speed boots (being worn)
  p - an uncursed +0 studded leather armor (being worn)
 Comestibles  ('%')
  d - 4 uncursed food rations
  w - an uncursed sprig of wolfsbane
 Scrolls  ('?')
  b - an uncursed scroll of earth
  r - an uncursed scroll of remove curse
 Spellbooks  ('+')
  s - an uncursed spellbook of healing
 Potions  ('!')
  y - an uncursed potion of oil
  j - a blessed potion of restore ability
 Wands    ('/')
  t - a wand of polymorph (0:1)
 Tools    ('(')
  h - an empty uncursed sack
  i - an uncursed blindfold
  m - an uncursed lock pick
  q - a magic marker (0:56)
  e - a +1 pick-axe (weapon in left hand)
  f - a tinning kit (0:35)
 Gems/Stones  ('*')
  u - an uncursed amethyst stone
  x - an uncursed opal
  g - an uncursed touchstone

Fletchius the Archeologist's attributes:

Background:
 You were a Field Worker, a level 5 male dwarven Archeologist.
 You were lawful, on a mission for Quetzalcoatl
 who was opposed by Camaxtli (neutral) and Huhetotl (chaotic).
 You were left-handed.
 You were in the Gnomish Mines, on level 7.
 You entered the dungeon 2175 turns ago.
 It was nighttime.
 You had 201 experience points, 119 more were needed to attain level 6.

Basics:
 You had all 47 hit points.
 You had all 12 energy points (spell power).
 Your armor class was 5.
 Your wallet contained 250 zorkmids.
 Autopickup was off.

Final Characteristics:
 Your strength was 13 (limit:18/100).
 Your dexterity was 10 (limit:20).
 Your constitution was 17 (limit:20).
 Your intelligence was 15 (limit:16).
 Your wisdom was 16 (limit:16).
 Your charisma was 11 (limit:16).

Final Status:
 You weren't hungry.
 You were unencumbered.
 You were wielding a pick-axe.
 You were skilled in pick-axe.

Final Attributes:
 You were piously aligned.
 You had automatic searching.
 You had infravision.
 You were invisible.
 You were stealthy.
 You were warded.
 You were very fast.
 You survived.

Miscellaneous:
 You didn't encounter any bones levels.
 Total elapsed playing time was 3 hours, 59 minutes and 40 seconds.

Major events:
 Turn
    1: Fletchius the lawful male dwarven Archeologist entered the dungeon
 1277: attained the rank of Field Worker (level 3)
 1396: entered the Gnomish Mines
 2031: reached Mine Town
 2175: quit

Spells:
 Name                 Level Category     Fail Retention
 slow monster           2   enchantment   94%  76%-100%
 confuse monster        1   enchantment   35%  76%-100%
 healing                1   healing       35%  76%-100%

Skills:
 Fighting Skills
   bare handed combat [Unskilled]
   two weapon combat  [Unskilled]
   riding             [Unskilled]
 Weapon Skills
   dagger             [Unskilled]
   knife              [Unskilled]
   pick-axe           [Skilled]
   short sword        [Unskilled]
   saber              [Unskilled]
   club               [Unskilled]
   quarterstaff       [Unskilled]
   sling              [Unskilled]
   dart               [Unskilled]
   boomerang          [Unskilled]
   whip               [Basic]
   unicorn horn       [Unskilled]
 Spellcasting Skills
   attack spells      [Unskilled]
   healing spells     [Unskilled]
   divination spells  [Unskilled]
   matter spells      [Unskilled]

Voluntary challenges:
 Character rerolling was not enabled.
 You never genocided any monsters.
 You never polymorphed an object.
 You never changed form.
 You used no wishes.
Achievements:
 You entered a shop.
 You attained the rank of Field Worker.
 You entered the Gnomish Mines.
 You entered Minetown.
 You entered a temple.

 The Dungeons of Doom: levels 1 to 4
    Level 1:
    Level 2:
       An armor shop, a fountain.
    Level 3:
       A potion shop.
       Stairs down to The Gnomish Mines.
    Level 4:
       A grave.
 The Gnomish Mines: levels 4 to 7
    Level 4:
    Level 5:
    Level 6:
    Level 7: <- You were here.
       Some shops, a temple and an altar, some fountains.


Vanquished creatures:
  a rock piercer
  a rock mole
  a gnome leader
  a kobold mummy
  a gray ooze
  a floating eye
  a homunculus
  a kobold leader
  3 monkeys
  a werejackal
 an iguana
  a hobbit
  2 manes
  a large kobold
  a yellow mold
  6 gnomes
  3 garter snakes
  3 geckos
  5 jackals
  a fox
  2 goblins
  2 grid bugs
  4 lichens
  a kobold zombie
  3 newts
48 creatures vanquished.

No species were genocided or became extinct.

Goodbye Fletchius the Archeologist...

You quit in The Gnomish Mines on dungeon level 7 with 1374 points,
and 250 pieces of gold, after 2175 moves.
You were level 5 with a maximum of 47 hit points when you quit.

